 Dungeon Crawl Stone Soup version 0.28.0-53-g5a82cb258f (console) character file.

Game seed: 3012997906667385155

466 Faeu the Carver (level 6, -2/51 HPs)
             Began as a Minotaur Fighter on May 28, 2022.
             Slain by an orc
             ... wielding a +0 hand axe
              (3 damage)
             ... on level 3 of the Dungeon.
             The game lasted 00:04:21 (3263 turns).

Faeu the Carver (Minotaur Fighter)                  Turns: 3263, Time: 00:04:22

Health: -2/51      AC:  6    Str: 22    XL:     6   Next: 81%
Magic:  5/5        EV:  9    Int:  5    God:
Gold:   114        SH:  4    Dex: 10    Spells: 5/5 levels left

rFire   . . .      SeeInvis .   o - +2 dagger (speed) {short}
rCold   . . .      Faith    .   c - +0 buckler
rNeg    . . .      Spirit   .   b - +0 scale mail
rPois   .          Reflect  .   (helmet restricted)
rElec   .          Harm     .   (no cloak)
rCorr   .          Rampage  .   (no gloves)
Will    .....                   (no boots)
Stlth   ..........              (no amulet)
HPRegen 0.17/turn               (no ring)
MPRegen 0.09/turn               (no ring)

@: mighty
A: horns 2, retaliatory headbutt
a: no special abilities


You were on level 3 of the Dungeon.
You visited 1 branch of the dungeon, and saw 4 of its levels.

You collected 114 gold pieces.


Innate Abilities, Weirdness & Mutations

You have a pair of horns on your head.
You reflexively headbutt those who attack you in melee.


   Skills:
 - Level 3.6 Fighting
 + Level 9.0 Long Blades
 - Level 3.6 Armour
 - Level 3.6 Shields


You had 5 spell levels left.
You didn't know any spells.
Your spell library contained the following spells:

 Spells                   Type           Power      Damage    Failure   Level
 Conjure Flame            Conj/Fire      0%         6-21      99%         3
 Ignite Poison            Fire/Tmut/Pois 0%         N/A       99%         3
 Sticky Flame             Conj/Fire      0%         2d3       100%        4

Inventory:

Hand Weapons
 a - a +0 long sword {long}
 j - a +0 dagger of speed {short}
   (You took it off a goblin on level 2 of the Dungeon)
 n - a +0 dagger of venom {short}
   (You took it off an orc on level 4 of the Dungeon)
 o - a +2 dagger of speed (weapon) {short}
   (You took it off a goblin on level 4 of the Dungeon)
Armour
 b - a +0 scale mail (worn)
 c - a +0 buckler (worn)
 m - a +2 robe
   (You took it off Sigmund on level 2 of the Dungeon)
Jewellery
 e - a ring of see invisible
   (You found it on level 1 of the Dungeon)
 k - an amulet of magic regeneration {@e2}
   (You found it on level 2 of the Dungeon)
Scrolls
 f - a scroll of fog {unknown}
 i - 2 scrolls of brand weapon {unknown}
 l - 3 scrolls of identify {unknown}
 p - a scroll of magic mapping {unknown}
Potions
 g - 2 potions of cancellation {unknown}
 h - a potion of degeneration {unknown}

Dungeon Overview and Level Annotations

Branches:
Dungeon (4/15)
 Temple: D:4-7

Altars:
Zin

Shops:
D:1 ! D:3

* ..# #.# #.# ###########
#.# #.........# #.#
###.#######.# #.#
#...#######.#
##########.###.o.......#.#
....(.....o{{g@######.##.#
........##.###{# #.##.#
#######..#.# #.# #.##.#
##.#.# #.# #.##.# #..o.
..# #....# ##.##
#.######..### #{.
..........# ##o#
..######.## .o #.# #..
#.######### #.....†....


You could see 2 orcs and a goblin.


Message History

The necrophage hits you but does no damage.
You barely miss the necrophage. Your headbutt misses the necrophage.
You closely miss the necrophage. Your headbutt misses the necrophage.
The necrophage barely misses you. You furiously retaliate!
You headbutt the necrophage!
You destroy the necrophage!
Your life force feels restored.
Your Long Blades skill increases to level 9!
You now have 51 max hp (+1).
You hit the hound skeleton.
The hound skeleton bites you but does no damage.
You hit the hound skeleton. You hit the hound skeleton.
The hound skeleton bites you. 😮 HP[-2]
You take 2 damage, and now have 26/51 hp.
You hit the hound skeleton.
The hound skeleton bites you but does no damage. 😮 HP[+1]
You block the hound skeleton's attack.
The hound skeleton barely misses you. 😮 HP[+1]
The hound skeleton bites you but does no damage.
You block the hound skeleton's attack. 😮 HP[+1]
The hound skeleton barely misses you. You block the hound skeleton's attack.
The hound skeleton barely misses you. 😮 HP[+1]
Things that are here:
a +0 club {mace}; an orc skeleton You block the goblin's attack.
The hound skeleton bites you.
There is a stone staircase leading up, spattered with blood here.
You see here a hound skeleton. 😮 HP[-1]
You take 1 damage, and now have 29/51 hp.
The hound skeleton bites you but does no damage.
The goblin hits you with a +0 club.
You climb upwards.
The orc wizard gestures at you while chanting.
You are confused.
The orc hits you with a +0 hand axe.
* * * LOW HITPOINT WARNING * * *
There is a stone staircase leading down here. 😨 HP[-6]
You take 6 damage, and now have 23/51 hp.
You bump into the rock wall.
The orc wizard casts a spell at you. The magic dart hits you.
* * * LOW HITPOINT WARNING * * *
The orc hits you but does no damage.
The goblin hits you but does no damage. 😨 HP[-3]
You take 3 damage, and now have 20/51 hp.
You bump into the rock wall.
The orc wizard casts a spell.
The orc wizard flickers and vanishes!
Deactivating autopickup; reactivate with Ctrl-A.
The orc closely misses you. The goblin hits you but does no damage.
You bump into the rock wall.
The orc closely misses you. The goblin closely misses you.
You bump into the rock wall.
The orc wizard hits you with a +0 dagger.
* * * LOW HITPOINT WARNING * * *
The orc completely misses you. The goblin hits you with a +0 club.
* * * LOW HITPOINT WARNING * * *
😨 HP[-6]
You take 6 damage, and now have 14/51 hp.
You bump into the rock wall.
You feel less confused.
The orc wizard mumbles some strange words.
The orc wizard flickers and vanishes!
The orc wizard gestures wildly while chanting.
The orc wizard flickers and vanishes!
The orc hits you with a +0 hand axe.
* * * LOW HITPOINT WARNING * * *
You block the goblin's attack. 😱 HP[-5]
You take 5 damage, and now have 9/51 hp.
You completely miss something.
You hear some strange, mumbled words.
A magic dart appears from out of thin air!
The magic dart hits you.
* * * LOW HITPOINT WARNING * * *
The orc hits you but does no damage. 😱 HP[-3]
You take 3 damage, and now have 6/51 hp.
You hit something. Your headbutt misses something.
The goblin closely misses you.
Something hits you but does no damage. 😱 HP[+1]
You feel very mighty all of a sudden. The orc hits you but does no damage.
The goblin hits you but does no damage. Something hits you but does no damage.
You puncture something! Your headbutt misses something.
The orc hits you with a +0 hand axe.
* * * LOW HITPOINT WARNING * * *
The goblin closely misses you. 😱 HP[-6]
You take 6 damage, and now have 1/51 hp.
You miss something. Your headbutt misses something.
Something hits you but does no damage. The orc hits you with a +0 hand axe.
You die...

Skill      XL: |  1  2  3  4  5  6 |
---------------+-------------------+-----
Long Blades    | 3 4 5 7 9 |  9.0
Fighting       | |  3.6
Armour         | |  3.6
Shields        | |  3.6

Action                   |  1- 3 |  4- 6 || total
-------------------------+-------+-------++-------
Melee: Long sword        |    83 |    91 ||   174
       Headbutt          |    10 |    14 ||    24
       Dagger            |       |    34 ||    34
  Use: Potion            |       |     1 ||     1
Armor: Scale mail        |    45 |    47 ||    92
Dodge: Dodged            |    32 |    45 ||    77
Block: Buckler           |    26 |    26 ||    52

Levels and vault maps discovered:
D:1:      minmay_arrival_diagonal_passages, layout_basic, serial_shops,
          nicolae_shop_competitors_out_of_business
D:2:      layout_loops_corners, hellmonk_ecumenical_altar_zigzags, st_stairs_13,
          kennysheep_generic_room_2, uniq_robin, uniq_sigmund
D:3:      layout_basic, zin_purify, uniq_terence
D:4:      layout_basic, mainiacjoe_overflow_alcove_4, serial_shops,
          nicolae_diamond_shop, minmay_misc_feat_roman

Notes
Turn   | Place    | Note
-------+----------+-------------------------------------------
     0 | D:1      | Faeu the Minotaur Fighter began the quest for the Orb.
     0 | D:1      | Reached XP level 1. HP: 19/19 MP: 0/0
     0 | D:1      | magus.rc [v1.9.6]
   225 | D:1      | Found Cuoj's Distillery.
   231 | D:1      | Reached skill level 3 in Long Blades
   439 | D:1      | Reached XP level 2. HP: 26/26 MP: 1/1
   521 | D:1      | You add the spells Conjure Flame, Ignite Poison and Sticky
                  | Flame to your library.
   811 | D:1      | Reached skill level 4 in Long Blades
  1020 | D:2      | Noticed Robin
  1024 | D:2      | Reached XP level 3. HP: 30/31 MP: 2/2
  1042 | D:2      | Killed Robin
  1047 | D:2      | Reached skill level 5 in Long Blades
  1348 | D:2      | Found a faded altar of an unknown god.
  1511 | D:2      | Reached XP level 4. HP: 39/39 MP: 3/3
  1861 | D:2      | Noticed Sigmund
  1870 | D:2      | Killed Sigmund
  1871 | D:2      | Reached skill level 7 in Long Blades
  1871 | D:2      | Reached XP level 5. HP: 44/45 MP: 4/4
  2859 | D:3      | Found Zin's Purification Station.
  2862 | D:3      | Found a glowing silver altar of Zin.
  2909 | D:3      | Noticed Terence
  2916 | D:3      | Killed Terence
  2917 | D:3      | Reached XP level 6. HP: 46/51 MP: 5/5
  3083 | D:4      | Reached skill level 8 in Long Blades
  3227 | D:4      | Reached skill level 9 in Long Blades
  3258 | D:3      | HP: 9/51 [orc/+0 hand axe (5)]
  3262 | D:3      | HP: 1/51 [orc/+0 hand axe (6)]
  3263 | D:3      | Slain by an orc

Vanquished Creatures
  Sigmund (D:2)
  A necrophage (D:4)
  A scorpion (D:4)
  A hound (D:4)
  Terence (D:3)
  Robin (D:2)
  An ufetubus (D:4)
  2 worms (D:2)
  A dart slug (D:1)
  5 orcs (D:4)
  7 endoplasms
  9 giant cockroaches
  7 hobgoblins
  2 quokkas (D:1)
  4 ball pythons
  4 bats
  A frilled lizard (D:2)
  20 goblins
  8 kobolds
  3 rats
80 creatures vanquished.

Table legend:
 A = Non-vault XP
 B = Vault XP
 C = Vault XP percentage of total XP
 D = Non-vault monster count
 E = Vault monster count
 F = Vault count percentage of total count
                 A         B        C        D         E       F
            +---------+---------+-------+---------+---------+-------
      Total |     354 |     313 |  46.9 |      60 |      20 |  25.0
            +---------+---------+-------+---------+---------+-------
        D:1 |      36 |       0 |   0.0 |      20 |       0 |   0.0
        D:2 |      46 |     277 |  85.8 |      24 |      19 |  44.2
        D:3 |       1 |      36 |  97.3 |       1 |       1 |  50.0
        D:4 |     271 |       0 |   0.0 |      15 |       0 |   0.0
            +---------+---------+-------+---------+---------+-------

Illustrated notes

Table legend:
 A = Kills in this place as a percentage of kills in entire the game.
 B = Kills by you in this place as a percentage of kills by you in the entire game.
 C = Kills by friends in this place as a percentage of kills by friends in the entire game.
 D = Other kills in this place as a percentage of other kills in the entire game.
 E = Experience gained in this place as a percentage of experience gained in the entire game.
 F = Experience gained in this place divided by the number of levels of this place that you have seen.
                   A       B       C       D       E      F
               +-------+-------+-------+-------+-------+----------------------
         Total | 100.0 | 100.0 |   N/A |   N/A | 100.0 | 166.8
       Dungeon | 100.0 | 100.0 |   N/A |   N/A | 100.0 | 166.8
               +-------+-------+-------+-------+-------+----------------------

Table legend: (Time is in decaauts)
 A = Elapsed time spent in this place.
 B = Non-inter-level travel time spent in this place.
 C = Inter-level travel time spent in this place.
 D = Time resting spent in this place.
 E = Time spent auto-exploring this place.
 F = Levels seen in this place.
 G = Mean time per level.
                   A        B        C        D        E       F      G
               +--------+--------+--------+--------+--------+-----+--------+
         Total |   3277 |   3208 |     69 |    306 |   2426 |   4 |  819.2 |
       Dungeon |   3277 |   3208 |     69 |    306 |   2426 |   4 |  819.2 |
               +--------+--------+--------+--------+--------+-----+--------+

Top non-repeatable levels by time:
     D:2: 1814 daAuts
     D:1: 969 daAuts
     D:4: 267 daAuts
     D:3: 225 daAuts
